 Dungeon Crawl Stone Soup version 0.30-a0-799-g109b55a442 (webtiles) character file.

Game seed: 15105197684389835033

4664 Dittersdorf the Protected (level 10, -5/65 HPs)
             Began as a Gargoyle Fighter on Feb 20, 2023.
             Was a High Priest of Okawaru.
             Slain by a wyvern (13 damage)
             ... on level 9 of the Dungeon.
             The game lasted 00:11:38 (9027 turns).

Dittersdorf the Protected (Gargoyle Fighter)        Turns: 9027, Time: 00:11:38

Health: -5/65      AC: 24    Str: 23    XL:     10   Next: 44%
Magic:  10/10      EV:  6    Int: 10    God:    Okawaru [*****.]
Gold:   425        SH:  6    Dex: 15    Spells: 9/9 levels left

rFire   + . .      SeeInvis .    p - +4 morningstar (freeze)
rCold   . . .      Faith    +    c - +0 buckler
rNeg    + . .      Spirit   .    b - +0 plate armour
rPois   ∞          Reflect  .    u - +2 hat
rElec   +          Harm     .    h - scarf {shadows}
rCorr   .          Rampage  .    g - +0 pair of gloves
Will    .....                    (no boots) Stlth
                                 n - amulet of faith
HPRegen 0.30/turn                s - +6 ring of dexterity
MPRegen 0.12/turn                z - ring of protection from fire

@: no status effects
A: sickness immunity, AC +7, negative energy resistance 1, electricity
resistance, torment resistance 1, petrification resistance
a: Renounce Religion, Heroism, Finesse, Duel


You were on level 9 of the Dungeon.
You worshipped Okawaru.
Okawaru was extremely pleased with you.
You visited 1 branch of the dungeon, and saw 9 of its levels.
You also visited: Sewer.

You collected 425 gold pieces.

Inventory:

Hand Weapons
 p - a +4 morningstar of freezing (weapon)
Missiles
 v - 4 throwing nets (quivered)
Armour
 b - a +0 plate armour (worn)
 c - a +0 buckler (worn)
 g - a +0 pair of gloves (worn)
 h - a scarf of shadows (worn)
 u - a +2 hat (worn)
Jewellery
 n - an amulet of faith (around neck)
 s - a +6 ring of dexterity (left hand)
 z - a ring of protection from fire (right hand)
Wands
 y - a wand of acid (6)
Scrolls
 e - 2 scrolls of blinking
 f - a scroll of fear
 k - 7 scrolls of teleportation
 l - a scroll of silence
 m - 2 scrolls of noise {unknown}
 q - 2 scrolls of vulnerability {unknown}
 t - 2 scrolls of fog {unknown}
 w - 2 scrolls of amnesia {unknown}
 x - a scroll of enchant armour
 B - 3 scrolls of magic mapping
 E - a scroll of enchant weapon
 F - 2 scrolls of immolation {unknown}
Potions
 a - a potion of experience {unknown}
 d - 2 potions of might
 i - 3 potions of resistance
 j - a potion of cancellation
 o - 2 potions of ambrosia
 r - 2 potions of haste
 A - 3 potions of curing
 C - a potion of flight
 D - a potion of brilliance {unknown}


   Skills:
 + Level 8.9 Fighting
 + Level 7.7 Maces & Flails
 + Level 8.9 Armour
 + Level 8.9 Shields


You had 9 spell levels left.
You didn't know any spells.
Your spell library contained the following spells:

 Spells                   Type           Power      Damage    Failure   Level
 Beastly Appendage        Tmut           0%         N/A       99%         1
 Sting                    Tmut/Pois      0%         1d3       99%         1
 Ensorcelled Hibernation  Hex/Ice        0%         N/A       100%        2
 Poisonous Vapours        Pois/Air       0%         N/A       100%        2
 Wereblood                Tmut           0%         N/A       100%        2
 Inner Flame              Hex/Fire       0%         N/A       100%        3
 Mephitic Cloud           Conj/Pois/Air  0%         N/A       100%        3
 Spider Form              Tmut/Pois      0%         N/A       100%        3
 Anguish                  Hex/Necr       0%         N/A       100%        4
 Cause Fear               Hex            0%         N/A       100%        4
 Olgreb's Toxic Radiance  Pois           0%         N/A       100%        4
 Passage of Golubria      Tloc           0%         N/A       100%        4
 Petrify                  Tmut/Erth      0%         N/A       100%        4
 Metabolic Englaciation   Hex/Ice        0%         N/A       100%        5
 Yara's Violent Unravell  Hex/Tmut       0%         3d3       100%        5
 Discord                  Hex            0%         N/A       100%        8
 Cigotuvi's Dreadful Rot  Necr/Pois/Air  Unusable   N/A       N/A         2
 Tukima's Dance           Hex            Unusable   N/A       N/A         3
 Statue Form              Tmut/Erth      Unusable   N/A       N/A         6

Dungeon Overview and Level Annotations

Branches:
Dungeon (9/15)             Temple (0/1) D:7            Lair (0/5) D:8
  Sewer (visited)
    Orc: D:9-12

Altars:
Fedhas
Gozag
Okawaru

Shops:
D:2 *


Innate Abilities, Weirdness & Mutations

You are immune to sickness and miasma.
Your stone body is resilient. (AC +7)
You are immune to poison.
You resist negative energy. (rN+)
You are resistant to electric shocks. (rElec)
You are resistant to unholy torment.
You are immune to petrification.


Message History

You are too injured to fight recklessly!
You are too injured to fight recklessly!
You are too injured to fight recklessly!
You are too injured to fight recklessly!
You are too injured to fight recklessly!
You are too injured to fight recklessly!
You are too injured to fight recklessly!
You are too injured to fight recklessly!
You are too injured to fight recklessly!
You are too injured to fight recklessly!
You are too injured to fight recklessly!
You barely miss the wyvern.
The wyvern is heavily wounded.
The wyvern bites you but does no damage.
The wyvern bites you.
You barely miss the wyvern.
The wyvern is heavily wounded.
The wyvern bites you.
You closely miss the wyvern.
The wyvern is heavily wounded.
The wyvern bites you but does no damage.
The wyvern bites you.
* * * LOW HITPOINT WARNING * * *
You closely miss the wyvern.
The wyvern is heavily wounded.
The wyvern bites you.
* * * LOW HITPOINT WARNING * * *
The wyvern bites you!
* * * LOW HITPOINT WARNING * * *
You closely miss the wyvern.
The wyvern is heavily wounded.
The wyvern bites you but does no damage.
You hit the wyvern. You freeze the wyvern.
The wyvern is severely wounded.
The wyvern bites you but does no damage.
You block the wyvern's attack.
You barely miss the wyvern.
The wyvern is severely wounded.
The wyvern bites you!
You die...

## ### #.
.. ##.##.#
##.....
#.....#
#...l.###.#
#...@.....#
##...######
###.# #.#
####.####
#.......#
#.##.##.#
#.##.##.#
#.##.##.#


You could see a wyvern.

Vanquished Creatures
  An elephant (D:8)
  Sigmund (D:3)
  Eustachio (D:5)
  A yak (D:8)
  4 ice beasts
  2 sky beasts (D:7)
  2 ogres
  4 black bears
  4 centaurs
  A phantom (D:6)
  A kobold brigand (D:8)
  A bullfrog (D:6)
  2 scorpions
  15 wights
  6 killer bees (D:8)
  An orc priest (D:7)
  A gnoll bouda (D:5)
  3 hounds
  10 jellies
  Jessica (D:3)
  Natasha (D:2)
  5 iguanas
  2 orc wizards (D:7)
  9 gnolls
  18 adders
  6 river rats
  2 white imps
  2 ufetubi
  An adder zombie (D:2)
  2 worms
  4 dart slugs
  12 orcs
  15 endoplasms
  5 giant cockroaches
  9 goblins
  8 hobgoblins
  7 jackals
  12 kobolds
  4 quokkas
  7 ball pythons
  A ball python skeleton (D:2)
  4 bats
  8 frilled lizards
  A jackal zombie (D:2)
  A quokka skeleton (D:2)
  2 quokka zombies (D:2)
  7 rats
217 creatures vanquished.

Vanquished Creatures (others)
  2 fungi (D:8)
  A plant (D:8)
  A withered plant (D:2)
4 creatures vanquished.

Grand Total: 221 creatures vanquished

Notes
Turn   | Place    | Note
-------+----------+-------------------------------------------
     0 | D:1      | Dittersdorf the Gargoyle Fighter began the quest for the
                  | Orb.
     0 | D:1      | Reached XP level 1. HP: 14/14 MP: 1/1
   125 | D:1      | Reached XP level 2. HP: 18/19 MP: 2/2
   601 | D:1      | Reached XP level 3. HP: 5/24 MP: 3/3
   972 | D:2      | Reached XP level 4. HP: 27/29 MP: 4/4
  1189 | D:2      | Noticed Natasha
  1200 | D:2      | Killed Natasha
  1277 | D:2      | Reached XP level 5. HP: 31/33 MP: 5/5
  1392 | D:2      | Found Cyon's Assorted Antiques.
  1932 | D:3      | Noticed Jessica
  1942 | D:3      | Killed Jessica
  2253 | D:3      | Noticed Sigmund
  2283 | D:3      | Killed Sigmund
  2284 | D:3      | Reached XP level 6. HP: 13/40 MP: 6/6
  2648 | D:3      | Found an iron altar of Okawaru.
  2650 | D:3      | Found a blossoming altar of Fedhas.
  2650 | D:3      | Found an opulent altar of Gozag.
  2653 | D:3      | Became a worshipper of Warmaster Okawaru
  2889 | D:4      | Reached skill level 5 in Fighting
  2889 | D:4      | Reached skill level 5 in Armour
  2889 | D:4      | Reached skill level 5 in Shields
  2937 | D:4      | Reached XP level 7. HP: 22/44 MP: 7/7
  3676 | D:5      | Entered Level 5 of the Dungeon
  3753 | D:5      | Reached * piety under Okawaru
  3829 | D:5      | Found a glowing drain.
  3836 | Sewer    | Entered a sewer
  4114 | Sewer    | Found a viscous altar of Jiyva.
  4278 | Sewer    | Reached XP level 8. HP: 39/51 MP: 8/8
  4440 | D:5      | Noticed Eustachio
  4597 | D:5      | Killed Eustachio
  4597 | D:5      | Reached ** piety under Okawaru
  4598 | D:5      | Reached skill level 5 in Maces & Flails
  5176 | D:5      | Reached *** piety under Okawaru
  5669 | D:6      | Reached XP level 9. HP: 44/56 MP: 9/9
  6829 | D:7      | Reached **** piety under Okawaru
  7357 | D:7      | Found a staircase to the Ecumenical Temple.
  7665 | D:8      | Noticed an elephant
  7712 | D:8      | Reached XP level 10. HP: 41/64 MP: 10/10
  7827 | D:8      | Killed an elephant
  7827 | D:8      | Reached ***** piety under Okawaru
  7963 | D:8      | Received a gift from Okawaru
  8007 | D:8      | Found a staircase to the Lair.
  9027 | D:9      | Slain by a wyvern

Illustrated notes

Levels and vault maps discovered:
D:1:      dpeg_arrival_windows_large_door, layout_basic, minmay_tall_x
D:2:      wad_pebble_path, layout_basic, serial_shops,
          nicolae_shop_hallway_stairs, serial_undead, serial_undead_e,
          serial_undead_c, serial_undead_d, serial_undead_d, serial_undead_a,
          serial_undead_e, st_stairs_10, uniq_natasha
D:3:      layout_basic, minitemple, uniq_sigmund, uniq_jessica
D:4:      layout_basic
D:5:      layout_loops_ring, lightli_sewer_entry_pipes, uniq_eustachio
D:6:      layout_layer_cave, kennysheep_generic_room_12
D:7:      layout_basic, temple_statues
D:8:      layout_layer_cave, david_lair_generic
D:9:      layout_loops_cross, hex_tiny, minmay_variable_closet

Skill      XL: |  1  2  3  4  5  6  7  8  9 |
---------------+----------------------------+-----
Shields        | 4 5 6 8 |  8.9
Fighting       | 4 5 6 8 |  8.9
Armour         | 4 5 7 8 |  8.9
Maces & Flails | 3 4 5 7 |  7.7

Action                     |  1- 3 |  4- 6 |  7- 9 | 10-12 || total
---------------------------+-------+-------+-------+-------++-------
  Melee: Flail             |   101 |   189 |   477 |   100 ||   867
         Unarmed           |       |       |     4 |       ||     4
         Morningstar       |       |       |       |    31 ||    31
    Use: Scroll            |       |       |    15 |       ||    15
 Armour: Scale mail        |    60 |    78 |       |       ||   138
         Chain mail        |       |    25 |   312 |    34 ||   371
         Plate armour      |       |       |       |    54 ||    54
  Dodge: Dodged            |    55 |    97 |   150 |    46 ||   348
  Block: Buckler           |    20 |    49 |   131 |    37 ||   237

Table legend: (Time is in decaauts)
 A = Elapsed time spent in this place.
 B = Non-inter-level travel time spent in this place.
 C = Inter-level travel time spent in this place.
 D = Time resting spent in this place.
 E = Time spent auto-exploring this place.
 F = Levels seen in this place.
 G = Mean time per level.
                   A        B        C        D        E       F      G
               +--------+--------+--------+--------+--------+-----+--------+
         Total |   9269 |   8916 |    353 |    947 |   5973 |  10 |  926.9 |
       Dungeon |   8704 |   8351 |    353 |    785 |   5752 |   9 |  967.1 |
         Sewer |    564 |    564 |      0 |    162 |    221 |   1 |  564.0 |
               +--------+--------+--------+--------+--------+-----+--------+

Top non-repeatable levels by time:
     D:8: 1315 daAuts
     D:5: 1238 daAuts
     D:2: 1100 daAuts
     D:7: 1078 daAuts
     D:6: 1055 daAuts
     D:4: 963 daAuts
     D:3: 925 daAuts
     D:1: 922 daAuts
   Sewer: 564 daAuts
     D:9: 106 daAuts
